AoeStats
← undercat

Migration

508195157Analyzed
1v1 RM · 12d ago on Sep 21, 2026· 42m 7s· 2 players
Game mode
Random Map
Map size
132×132
Population
200
Speed
Normal
Resources
Standard
Victory
Conquest
Starting age
Dark Age
Ending age
Imperial Age
RankedLock teamsTeams togetherTeam positionsShared explorationLock speedFull tech treeHidden civsTurbo modeCheats
Victory
Defeat
🇧🇷 Byzantines · Brazil
948
+18
🇹🇼 Huns · Taiwan
982
-18
Dr. Albieri
1:12 Loom
13:22 Feudal Age
18:57 Castle Age
17:36 Fletching
17:46 Padded Archer Armor
18:45 Horse Collar
18:52 Double-Bit Axe
21:07 Crossbowman
21:53 Thumb Ring
22:27 Medium Warships
24:13 Leather Archer Armor
26:51 Careening
30:35 Scale Barding Armor
30:31 Scale Mail Armor
35:24 Bodkin Arrow
36:02 Murder Holes
36:28 Ballistics
36:06 Fishing Lines
36:54 Clinker Construction
36:50 Siphons
37:05 Elite Skirmisher
38:09 Husbandry
40:04 Chain Barding Armor
45:10 Imperial Age
undercat
10:57 Feudal Age
14:31 Double-Bit Axe
15:23 Loom
21:49 Castle Age
21:10 Scale Barding Armor
23:32 Bloodlines
23:23 Husbandry
25:24 Medium Warships
29:12 Fletching
29:39 Scale Mail Armor
30:15 Thumb Ring
30:43 Bodkin Arrow
31:38 Padded Archer Armor
37:03 Imperial Age
35:09 Wheelbarrow
40:09 Bow Saw
41:01 Bracer
42:03 Chemistry
Connection lost

Rejoining the realm…

Still unreachable

The connection could not be restored.

Session expired

The server has moved on; the page needs a fresh start.